Patriotes vs Atomiques
Created - February 4, 2019 at 19:01
Goals
|
| Patriotes |
3 |
3 |
3 |
9 |
| Atomiques |
0 |
1 |
1 |
2 |
|
Shots
|
| Patriotes |
15 |
11 |
12 |
38 |
| Atomiques |
9 |
15 |
15 |
39 |
|
1st period
1. Patriotes , Tyler Randell 30 (Jason Zucker 40, Christian Hanson 41) at 2:48
2. Patriotes , Evgeny Kuznetsov 24 (Matt Calvert 27, Timothy Kunes 36) at 4:37
3. Patriotes , Tyler Randell 31 (Christian Hanson 42, Jason Zucker 41) at 11:11
Penalties :
John Draeger (STB) for Holding Stick (Minor) at 6:58, Evgeny Kuznetsov (Nyc) for Interference (Minor) at 13:12, Colby Cohen (STB) for Holding (Minor) at 16:25
2nd period
4. Patriotes , Anthony Bitetto 7 (Jason Zucker 42) at 13:30 (PP)
5. Patriotes , Jason Zucker 39 (Christian Hanson 43) at 15:50
6. Atomiques , Rasmus Ristolainen 15 (Rickard Rakell 31) at 15:54
7. Patriotes , Justin Florek 16 (Aleksander Barkov 24, Timothy Kunes 37) at 19:02
Penalties :
Bobby Farnham (STB) for Fighting (Major) at 9:09, Aleksander Barkov (Nyc) for Fighting (Major) at 9:09, Matt Tennyson (STB) for Holding Stick (Minor) at 13:20
3rd period
8. Patriotes , Tyler Randell 32 (Shea Theodore 13, Jason Zucker 43) at 1:33
9. Patriotes , Tyler Randell 33 (Jason Zucker 44, Timothy Kunes 38) at 4:07 (SH)
10. Atomiques , Bobby Farnham 9 (Dalton Smith 5) at 13:42
11. Patriotes , Anthony Bitetto 8 (Jared Knight 6, Timothy Kunes 39) at 16:35
Penalties :
Borna Rendulic (Nyc) for High sticking (Minor) at 3:32, Jacob De La Rose (STB) for Hooking (Minor) at 7:19, Rickard Rakell (STB) for Fighting (Major) at 11:31, Tyler Randell (Nyc) for Fighting (Major) at 11:31
Goalie Stats
Andrei Vasilevskiy (Nyc), 37 saves from 39 shots - (0.949), W, 13-4-3, 60:00 minutes
Jeff Frazee (STB), 5 saves from 9 shots - (0.556), 10:37 minutes
Jake Allen (STB), 24 saves from 29 shots - (0.828), L, 11-20-5, 49:23 minutes
Players Stats for Patriotes
Player Name G A P +/- PIM S H SB GA TA FO MP PP MP PK MP
------------------------------------------------------------------------------------
Aaron Ness 0 0 0 1 0 2 0 2 0 0 0/0 19:51 2:30 1:21
Aleksander Barkov 0 1 1 1 5 2 1 0 0 0 1/6 11:29 0:00 0:00
Anthony Bitetto 2 0 2 3 0 3 1 0 1 3 0/0 28:00 3:37 2:37
Austin Watson 0 0 0 0 0 0 0 0 0 0 0/0 4:08 0:07 0:06
Borna Rendulic 0 0 0 0 2 0 4 0 0 0 0/0 15:48 2:34 0:00
Christian Hanson 0 3 3 3 0 7 2 0 1 0 20/38 20:13 3:26 0:56
Dale Weise 0 0 0 1 0 0 5 1 0 0 1/1 12:24 0:00 0:00
Dillon Heatherington 0 0 0 2 0 0 0 0 0 0 0/0 12:09 0:00 0:00
Evgeny Kuznetsov 1 0 1 0 2 5 2 2 1 0 4/12 16:15 2:36 0:00
Jared Knight 0 1 1 1 0 2 0 0 0 1 1/2 7:45 0:00 0:00
Jason Zucker 1 5 6 4 0 5 0 0 2 0 3/5 21:52 3:26 2:40
Justin Florek 1 0 1 1 0 4 0 0 0 0 0/0 12:24 0:00 0:00
Mario Lucia 0 0 0 0 0 0 0 0 0 0 0/0 0:00 0:00 0:00
Matt Calvert 0 1 1 0 0 1 0 2 0 0 0/1 16:58 2:36 0:56
Maxim Mamin 0 0 0 0 0 0 0 0 0 0 0/0 0:00 0:00 0:00
Riley Barber 0 0 0 1 0 1 0 0 0 0 1/1 8:05 0:05 0:00
Robert Baillargeon 0 0 0 0 0 0 0 0 0 0 0/0 0:57 0:00 0:38
Ryan Fitzgerald 0 0 0 0 0 0 0 0 0 0 0/0 0:20 0:05 0:00
Shane Sims 0 0 0 1 0 0 1 1 1 1 0/0 19:51 2:30 1:21
Shea Theodore 0 1 1 2 0 0 0 2 0 1 0/0 12:09 0:00 0:00
Timothy Kunes 0 4 4 3 0 1 1 2 1 0 0/0 28:00 3:37 2:37
Tyler Randell 4 0 4 4 5 5 0 0 0 0 0/1 19:35 3:26 2:40
Vince Hinostroza 0 0 0 1 0 0 2 0 0 0 0/0 7:45 0:00 0:00
Players Stats for Atomiques
Player Name G A P +/- PIM S H SB GA TA FO MP PP MP PK MP
------------------------------------------------------------------------------------
Anthony Nigro 0 0 0 0 0 0 0 1 0 0 3/5 11:58 0:00 0:00
Bobby Farnham 1 0 1 -1 5 2 0 0 0 0 0/0 8:46 0:00 0:00
Brock McGinn 0 0 0 0 0 4 2 0 0 0 0/0 11:58 0:00 0:00
Carl Dahlstrom 0 0 0 -1 0 0 0 0 0 0 0/0 4:33 0:00 0:41
Colby Cohen 0 0 0 -2 2 2 1 0 0 0 0/0 19:29 1:56 1:36
Corey Tropp 0 0 0 0 0 3 1 1 0 0 1/1 11:58 0:00 0:00
Dalton Smith 0 1 1 -1 0 3 1 0 1 0 0/0 9:07 0:00 0:00
Dwight King 0 0 0 -3 0 6 0 1 0 2 5/8 22:19 2:23 3:45
Eric Gustafsson 0 0 0 0 0 3 0 0 0 1 0/0 12:15 0:00 1:02
Jack Skille 0 0 0 -2 0 1 1 0 1 0 0/0 15:54 1:35 1:40
Jacob De La Rose 0 0 0 -1 2 0 0 0 0 0 5/6 9:07 0:00 0:00
John Draeger 0 0 0 0 2 1 0 0 0 1 0/0 10:30 0:00 0:00
Joseph Cramarossa 0 0 0 0 0 0 0 0 0 0 0/0 0:00 0:00 0:00
Kenndal McArdle 0 0 0 -2 0 2 0 0 0 0 0/1 14:14 1:35 0:00
Lucas Wallmark 0 0 0 0 0 0 0 0 0 0 0/0 0:00 0:00 0:00
Matt Tennyson 0 0 0 -4 2 0 0 2 1 1 0/0 28:14 2:02 3:13
Max McCormick 0 0 0 0 0 0 0 0 0 0 0/0 0:42 0:00 0:42
Mike Halmo 0 0 0 0 0 0 0 0 0 0 0/0 0:42 0:00 0:42
Mitch Callahan 0 0 0 -1 0 0 0 0 0 0 2/6 2:22 0:00 0:00
Rasmus Ristolainen 1 0 1 -3 0 6 4 2 2 0 0/0 25:16 2:02 3:23
Rickard Rakell 0 1 1 -2 5 2 1 0 0 1 9/25 17:53 2:23 1:40
Ryan Shannon 0 0 0 -3 0 1 0 0 0 0 3/4 22:19 2:23 3:45
Tyler Brenner 0 0 0 -2 0 3 0 1 1 1 8/11 14:14 1:35 0:00
Wiley Sherman 0 0 0 -2 0 0 0 2 0 0 0/0 19:57 1:56 2:19
3 Stars
1 - Jason Zucker (Nyc)
2 - Tyler Randell (Nyc)
3 - Timothy Kunes (Nyc)
Power Play
Patriotes - 1 on 4 Attempt(s) - 25.00%
Atomiques - 0 on 2 Attempt(s) - 0.00%
Penalty Kill
Patriotes - 2 on 2 Attempt(s) - 100.00%
- Score 1 goal in Penalty Kill
Atomiques - 3 on 4 Attempt(s) - 75.00%
- Score 0 goal in Penalty Kill
Team Stat
Patriotes - Hits : 19 - Faceoff Wins : 31 - Blocked Shots : 12 - Penalty Minutes : 14
Atomiques - Hits : 11 - Faceoff Wins : 36 - Blocked Shots : 10 - Penalty Minutes : 18
Official
Referees : Unknown
Linesman : Unknown
Game Notes
Bobby Farnham and Aleksander Barkov fight to a draw at 9:09 of 2nd period
Jeff Frazee enters game at 13:30 of 2nd period
Tyler Randell has scored a Hat Trick!
Jake Allen enters game at 4:07 of 3rd period
Tyler Randell beats up Rickard Rakell at 11:31 of 3rd period
Finance
Level 1 -- Attendance: 1345 (67.25%) -- Ticket Income $53,800
Level 2 -- Attendance: 719 (71.90%) -- Ticket Income $14,380
Total Attendance: 2064 (68.80%)
Total Ticket Income: $68,180
Other Income: $3,409
Total Income: $71,589
Patriotes
5 vs 5 Forward
Center Left Wing Right Wing Time % Phy DF OF
1 Christian Hanson Jason Zucker Tyler Randell 40 1 2 2
2 Evgeny Kuznetsov Matt Calvert Borna Rendulic 30 1 2 2
3 Aleksander Barkov Justin Florek Dale Weise 20 1 2 2
4 Jared Knight Vince Hinostroza Riley Barber 10 1 2 2
5 vs 5 Defense
Defense Defense Time % Phy DF OF
1 Timothy Kunes Anthony Bitetto 40 1 2 2
2 Shane Sims Aaron Ness 30 1 2 2
3 Shea Theodore Dillon Heatherington 20 1 2 2
4 Timothy Kunes Anthony Bitetto 10 1 2 2
PowerPlay Forward
Center Left Wing Right Wing Time % Phy DF OF
1 Christian Hanson Jason Zucker Tyler Randell 60 1 2 2
2 Evgeny Kuznetsov Matt Calvert Borna Rendulic 40 1 2 2
PowerPlay Defense
Defense Defense Time % Phy DF OF
1 Timothy Kunes Anthony Bitetto 60 1 2 2
2 Shane Sims Aaron Ness 40 1 2 2
Penalty Kill 4 Players Forward
Center Wing Time % Phy DF OF
1 Jason Zucker Tyler Randell 60 1 2 2
2 Matt Calvert Christian Hanson 40 1 2 2
Penalty Kill 4 Players Defense
Defense Defense Time % Phy DF OF
1 Timothy Kunes Anthony Bitetto 60 1 2 2
2 Shane Sims Aaron Ness 40 1 2 2
Penalty Kill - 3 Players Forward
Forward Time % Phy DF OF
1 Jason Zucker 60 1 2 2
2 Tyler Randell 40 1 2 2
Penalty Kill - 3 Players Defense
Defense Defense Time % Phy DF OF
1 Timothy Kunes Anthony Bitetto 60 1 2 2
2 Shane Sims Aaron Ness 40 1 2 2
4 vs 4 Forward
Center Wing Time % Phy DF OF
1 Jason Zucker Tyler Randell 60 1 2 2
2 Matt Calvert Christian Hanson 40 1 2 2
4 vs 4 Defense
Defense Defense Time % Phy DF OF
1 Timothy Kunes Anthony Bitetto 60 1 2 2
2 Shane Sims Aaron Ness 40 1 2 2
Last Minutes Offensive
Center Left Wing Right Wing Defense Defense
Christian Hanson Jason Zucker Tyler Randell Timothy Kunes Anthony Bitetto
Last Minutes Defensive
Center Left Wing Right Wing Defense Defense
Christian Hanson Jason Zucker Tyler Randell Timothy Kunes Anthony Bitetto
Goaltenders
Starting : Andrei Vasilevskiy
Backup : Thomas Greiss
Extra Forwards
Normal : Austin Watson, Ryan Fitzgerald, Robert Baillargeon - PP : Austin Watson, Ryan Fitzgerald - PK : Robert Baillargeon
Extra Defensemen
Normal : Shea Theodore, Dillon Heatherington, Shane Sims - PP : Shea Theodore - PK : Dillon Heatherington, Shane Sims
Penalty Shots
Jason Zucker, Tyler Randell, Matt Calvert, Christian Hanson, Evgeny Kuznetsov
Scratches
Emerson Etem (Strained Left Elbow Injury), David Kolomatis (Healthy), Phoenix Copley (Healthy)
Atomiques
5 vs 5 Forward
Center Left Wing Right Wing Time % Phy DF OF
1 Rickard Rakell Dwight King Ryan Shannon 40 1 2 2
2 Tyler Brenner Kenndal McArdle Jack Skille 30 1 2 2
3 Anthony Nigro Brock McGinn Corey Tropp 20 1 2 2
4 Jacob De La Rose Dalton Smith Bobby Farnham 10 1 2 2
5 vs 5 Defense
Defense Defense Time % Phy DF OF
1 Matt Tennyson Rasmus Ristolainen 40 1 2 2
2 Colby Cohen Wiley Sherman 30 1 2 2
3 John Draeger Eric Gustafsson 20 1 2 2
4 Carl Dahlstrom Matt Tennyson 10 1 2 2
PowerPlay Forward
Center Left Wing Right Wing Time % Phy DF OF
1 Rickard Rakell Dwight King Ryan Shannon 60 1 2 2
2 Tyler Brenner Kenndal McArdle Jack Skille 40 1 2 2
PowerPlay Defense
Defense Defense Time % Phy DF OF
1 Matt Tennyson Rasmus Ristolainen 60 1 2 2
2 Colby Cohen Wiley Sherman 40 1 2 2
Penalty Kill 4 Players Forward
Center Wing Time % Phy DF OF
1 Dwight King Ryan Shannon 60 1 2 2
2 Rickard Rakell Jack Skille 40 1 2 2
Penalty Kill 4 Players Defense
Defense Defense Time % Phy DF OF
1 Matt Tennyson Rasmus Ristolainen 60 1 2 2
2 Colby Cohen Wiley Sherman 40 1 2 2
Penalty Kill - 3 Players Forward
Forward Time % Phy DF OF
1 Dwight King 60 1 2 2
2 Ryan Shannon 40 1 2 2
Penalty Kill - 3 Players Defense
Defense Defense Time % Phy DF OF
1 Matt Tennyson Rasmus Ristolainen 60 1 2 2
2 Colby Cohen Wiley Sherman 40 1 2 2
4 vs 4 Forward
Center Wing Time % Phy DF OF
1 Dwight King Ryan Shannon 60 1 2 2
2 Rickard Rakell Jack Skille 40 1 2 2
4 vs 4 Defense
Defense Defense Time % Phy DF OF
1 Matt Tennyson Rasmus Ristolainen 60 1 2 2
2 Colby Cohen Wiley Sherman 40 1 2 2
Last Minutes Offensive
Center Left Wing Right Wing Defense Defense
Rickard Rakell Dwight King Ryan Shannon Matt Tennyson Rasmus Ristolainen
Last Minutes Defensive
Center Left Wing Right Wing Defense Defense
Rickard Rakell Dwight King Ryan Shannon Matt Tennyson Rasmus Ristolainen
Goaltenders
Starting : Jake Allen
Backup : Jeff Frazee
Extra Forwards
Normal : Mitch Callahan, Mike Halmo, Max McCormick - PP : Mitch Callahan, Mike Halmo - PK : Max McCormick
Extra Defensemen
Normal : John Draeger, Eric Gustafsson, Carl Dahlstrom - PP : John Draeger - PK : Eric Gustafsson, Carl Dahlstrom
Penalty Shots
Dwight King, Ryan Shannon, Rickard Rakell, Jack Skille, Kenndal McArdle
Scratches
Eric Mestery (Bruised Left Arm Injury), Francois Tremblay (Healthy)
% Time on Ice - Patriotes
Lines # - Real PCT - Wanted PCT - Time Play
Normal Forward
1 - 33% - 40% - 16:20
2 - 27% - 30% - 13:26
3 - 25% - 20% - 12:24
4 - 16% - 10% - 7:45
Normal Defense
1 - 38% - 40% - 19:13
2 - 32% - 30% - 16:00
3 - 24% - 20% - 12:09
4 - 5% - 10% - 2:33
PP Forward
1 - 57% - 60% - 3:31
2 - 43% - 40% - 2:36
PP Defense
1 - 59% - 60% - 3:37
2 - 41% - 40% - 2:30
PK Forward
1 - 76% - 60% - 3:02
2 - 24% - 40% - 0:56
PK Defense
1 - 66% - 60% - 2:37
2 - 34% - 40% - 1:21
PK3 Forward
1 - 0% - 60%
2 - 0% - 40%
PK3 Defense
1 - 0% - 60%
2 - 0% - 40%
44 Forward
1 - 0% - 60%
2 - 0% - 40%
44 Defense
1 - 0% - 60%
2 - 0% - 40%
Last Minute Offensive - 0:00
Last Minute Defensive - 0:00
Total
Forward - 60:00
Defense - 60:00
|
% Time on Ice - Atomiques
Lines # - Real PCT - Wanted PCT - Time Play
Normal Forward
1 - 32% - 40% - 16:11
2 - 25% - 30% - 12:39
3 - 24% - 20% - 11:58
4 - 18% - 10% - 9:07
Normal Defense
1 - 40% - 40% - 19:51
2 - 33% - 30% - 16:25
3 - 21% - 20% - 10:30
4 - 6% - 10% - 3:09
PP Forward
1 - 60% - 60% - 2:23
2 - 40% - 40% - 1:35
PP Defense
1 - 51% - 60% - 2:02
2 - 49% - 40% - 1:56
PK Forward
1 - 73% - 60% - 4:27
2 - 27% - 40% - 1:40
PK Defense
1 - 55% - 60% - 3:23
2 - 45% - 40% - 2:44
PK3 Forward
1 - 0% - 60%
2 - 0% - 40%
PK3 Defense
1 - 0% - 60%
2 - 0% - 40%
44 Forward
1 - 0% - 60%
2 - 0% - 40%
44 Defense
1 - 0% - 60%
2 - 0% - 40%
Last Minute Offensive - 0:00
Last Minute Defensive - 0:00
Total
Forward - 60:00
Defense - 60:00
|
Play-by-Play
1st period
0:01 of 1st period - Rickard Rakell wins face-off versus Christian Hanson in neutral zone.
0:16 of 1st period - Snap shot by Dwight King.
0:16 of 1st period - Stopped by Andrei Vasilevskiy without a rebound.
0:17 of 1st period - Tyler Brenner wins face-off versus Evgeny Kuznetsov in Patriotes zone.
0:20 of 1st period - Wrist shot by Kenndal McArdle.
0:20 of 1st period - Stopped by Andrei Vasilevskiy with a rebound.
1:45 of 1st period - Anthony Bitetto is hit by Jack Skille and loses puck.
2:08 of 1st period - Snap shot by Corey Tropp.
2:08 of 1st period - Deflect By Brock McGinn.
2:08 of 1st period - Stopped by Andrei Vasilevskiy with a rebound.
2:10 of 1st period - Snap shot by Brock McGinn.
2:10 of 1st period - Stopped by Andrei Vasilevskiy without a rebound.
2:11 of 1st period - Rickard Rakell wins face-off versus Christian Hanson in Patriotes zone.
2:26 of 1st period - Wrist shot by Dwight King.
2:26 of 1st period - Stopped by Andrei Vasilevskiy without a rebound.
2:27 of 1st period - Tyler Brenner wins face-off versus Evgeny Kuznetsov in Patriotes zone.
2:28 of 1st period - Snap shot by Jack Skille.
2:28 of 1st period - Shot Misses the Net.
2:40 of 1st period - Backhand shot by Evgeny Kuznetsov.
2:40 of 1st period - Stopped by Jake Allen without a rebound.
2:41 of 1st period - Christian Hanson wins face-off versus Ryan Shannon in Atomiques zone.
2:48 of 1st period - Wrist shot by Tyler Randell.
2:48 of 1st period - Goal by Tyler Randell - Patriotes : 1 - Atomiques : 0.
2:49 of 1st period - Ryan Shannon wins face-off versus Christian Hanson in neutral zone.
3:51 of 1st period - Wrist shot by Aaron Ness.
3:51 of 1st period - Stopped by Jake Allen without a rebound.
3:52 of 1st period - Corey Tropp wins face-off versus Aleksander Barkov in Atomiques zone.
4:25 of 1st period - Snap shot by Christian Hanson.
4:25 of 1st period - Stopped by Jake Allen with a rebound.
4:27 of 1st period - Slapshot by Christian Hanson.
4:27 of 1st period - Stopped by Jake Allen without a rebound.
4:28 of 1st period - Evgeny Kuznetsov wins face-off versus Jacob De La Rose in Atomiques zone.
4:37 of 1st period - Wrist shot by Evgeny Kuznetsov.
4:37 of 1st period - Goal by Evgeny Kuznetsov - Patriotes : 2 - Atomiques : 0.
4:38 of 1st period - Ryan Shannon wins face-off versus Christian Hanson in neutral zone.
4:41 of 1st period - Snap shot by Ryan Shannon.
4:41 of 1st period - Shot Misses the Net.
4:53 of 1st period - Wrist shot by Christian Hanson.
4:53 of 1st period - Stopped by Jake Allen with a rebound.
5:25 of 1st period - Colby Cohen is hit by Borna Rendulic and loses puck.
5:32 of 1st period - Snap shot by Tyler Brenner.
5:32 of 1st period - Deflect By Kenndal McArdle.
5:32 of 1st period - Shot Misses the Net.
5:32 of 1st period - Puck is out of play.
5:33 of 1st period - Anthony Nigro wins face-off versus Christian Hanson in Patriotes zone.
5:46 of 1st period - Tyler Randell is hit by Rasmus Ristolainen and loses puck.
6:06 of 1st period - Snap shot by Matt Calvert.
6:06 of 1st period - Shot Misses the Net.
6:58 of 1st period - Minor Penalty to John Draeger for Holding Stick.
6:59 of 1st period - Christian Hanson wins face-off versus Dwight King in Atomiques zone.
7:06 of 1st period - Wrist shot by Christian Hanson.
7:06 of 1st period - Shot Blocked by Rasmus Ristolainen.
7:08 of 1st period - Slapshot by Christian Hanson.
7:08 of 1st period - Deflect By Matt Tennyson.
7:08 of 1st period - Shot Misses the Net.
7:08 of 1st period - Puck is out of play.
7:09 of 1st period - Christian Hanson wins face-off versus Dwight King in Atomiques zone.
7:19 of 1st period - Snap shot by Jason Zucker.
7:19 of 1st period - Deflect By Tyler Randell.
7:19 of 1st period - Stopped by Jake Allen with a rebound.
7:21 of 1st period - Snap shot by Christian Hanson.
7:21 of 1st period - Shot Misses the Net.
7:23 of 1st period - Snap shot by Aaron Ness.
7:23 of 1st period - Stopped by Jake Allen with a rebound.
7:25 of 1st period - Snap shot by Tyler Randell.
7:25 of 1st period - Deflect By Jason Zucker.
7:25 of 1st period - Shot Blocked by Rasmus Ristolainen.
7:25 of 1st period - Puck is out of play.
7:26 of 1st period - Dwight King wins face-off versus Evgeny Kuznetsov in Atomiques zone.
7:39 of 1st period - Snap shot by Evgeny Kuznetsov.
7:39 of 1st period - Stopped by Jake Allen without a rebound.
7:40 of 1st period - Dwight King wins face-off versus Christian Hanson in Atomiques zone.
7:51 of 1st period - Wrist shot by Tyler Randell.
7:51 of 1st period - Deflect By Christian Hanson.
7:51 of 1st period - Stopped by Jake Allen without a rebound.
7:52 of 1st period - Dwight King wins face-off versus Christian Hanson in Atomiques zone.
8:01 of 1st period - Snap shot by Christian Hanson.
8:01 of 1st period - Stopped by Jake Allen with a rebound.
8:33 of 1st period - Snap shot by Evgeny Kuznetsov.
8:33 of 1st period - Shot Hit the Post.
8:58 of 1st period - Penalty to John Draeger is over, John Draeger is back on ice.
9:53 of 1st period - Snap shot by Kenndal McArdle.
9:53 of 1st period - Stopped by Andrei Vasilevskiy with a rebound.
10:04 of 1st period - Off-side.
10:05 of 1st period - Evgeny Kuznetsov wins face-off versus Rickard Rakell in neutral zone.
10:30 of 1st period - Matt Tennyson is hit by Dale Weise and loses puck.
10:37 of 1st period - Tyler Brenner is hit by Aleksander Barkov and loses puck.
10:51 of 1st period - Wrist shot by Justin Florek.
10:51 of 1st period - Stopped by Jake Allen with a rebound.
10:53 of 1st period - Snap shot by Christian Hanson.
10:53 of 1st period - Shot Blocked by Anthony Nigro.
10:55 of 1st period - Snap shot by Christian Hanson.
10:55 of 1st period - Stopped by Jake Allen without a rebound.
10:56 of 1st period - Christian Hanson wins face-off versus Rickard Rakell in Atomiques zone.
11:01 of 1st period - Wrist shot by Tyler Randell.
11:01 of 1st period - Shot Misses the Net.
11:11 of 1st period - Slapshot by Tyler Randell.
11:11 of 1st period - Goal by Tyler Randell - Patriotes : 3 - Atomiques : 0.
11:12 of 1st period - Rickard Rakell wins face-off versus Christian Hanson in neutral zone.
12:21 of 1st period - Slapshot by Jason Zucker.
12:21 of 1st period - Shot Misses the Net.
12:41 of 1st period - Jacob De La Rose is hit by Vince Hinostroza and loses puck.
12:56 of 1st period - Snap shot by Dwight King.
12:56 of 1st period - Shot Blocked by Shea Theodore.
12:58 of 1st period - Slapshot by Rickard Rakell.
12:58 of 1st period - Shot Misses the Net.
13:00 of 1st period - Wrist shot by Dwight King.
13:00 of 1st period - Shot Blocked by Evgeny Kuznetsov.
13:12 of 1st period - Minor Penalty to Evgeny Kuznetsov for Interference.
13:13 of 1st period - Jason Zucker wins face-off versus Rickard Rakell in Patriotes zone.
13:38 of 1st period - Icing by Dwight King.
13:39 of 1st period - Rickard Rakell wins face-off versus Jason Zucker in Atomiques zone.
13:52 of 1st period - Snap shot by Rickard Rakell.
13:52 of 1st period - Deflect By Ryan Shannon.
13:52 of 1st period - Shot Misses the Net.
13:52 of 1st period - Puck is out of play.
13:53 of 1st period - Jason Zucker wins face-off versus Tyler Brenner in Patriotes zone.
14:55 of 1st period - Dwight King is hit by Anthony Bitetto and loses puck.
15:12 of 1st period - Penalty to Evgeny Kuznetsov is over, Evgeny Kuznetsov is back on ice.
15:22 of 1st period - Wrist shot by Dalton Smith.
15:22 of 1st period - Shot Blocked by Timothy Kunes.
15:24 of 1st period - Slapshot by John Draeger.
15:24 of 1st period - Shot Misses the Net.
15:26 of 1st period - Slapshot by John Draeger.
15:26 of 1st period - Shot Blocked by Evgeny Kuznetsov.
15:28 of 1st period - Slapshot by John Draeger.
15:28 of 1st period - Stopped by Andrei Vasilevskiy with a rebound.
15:30 of 1st period - Slapshot by Eric Gustafsson.
15:30 of 1st period - Stopped by Andrei Vasilevskiy without a rebound.
15:31 of 1st period - Anthony Nigro wins face-off versus Aleksander Barkov in Patriotes zone.
15:38 of 1st period - Aaron Ness is hit by Corey Tropp and loses puck.
15:43 of 1st period - Wrist shot by Brock McGinn.
15:43 of 1st period - Stopped by Andrei Vasilevskiy without a rebound.
15:44 of 1st period - Christian Hanson wins face-off versus Rickard Rakell in Patriotes zone.
16:25 of 1st period - Minor Penalty to Colby Cohen for Holding.
16:26 of 1st period - Christian Hanson wins face-off versus Dwight King in Atomiques zone.
18:23 of 1st period - Ryan Shannon is hit by Shane Sims and loses puck.
18:25 of 1st period - Penalty to Colby Cohen is over, Colby Cohen is back on ice.
18:56 of 1st period - Anthony Nigro is hit by Dale Weise and loses puck.
19:07 of 1st period - Tyler Brenner is hit by Vince Hinostroza.
19:35 of 1st period - Anthony Bitetto is hit by Brock McGinn and loses puck.
19:57 of 1st period - Wiley Sherman is hit by Dale Weise and loses puck.
Goals for this period are 3 for Patriotes vs 0 for Atomiques.
Shots for this period are 15 for Patriotes vs 9 for Atomiques.
2nd period
0:01 of 2nd period - Christian Hanson wins face-off versus Rickard Rakell in neutral zone.
2:16 of 2nd period - Anthony Nigro is hit by Dale Weise and loses puck.
3:23 of 2nd period - Tyler Brenner is hit by Evgeny Kuznetsov.
3:45 of 2nd period - Icing by Dillon Heatherington.
3:46 of 2nd period - Rickard Rakell wins face-off versus Aleksander Barkov in Patriotes zone.
3:47 of 2nd period - Snap shot by Dwight King.
3:47 of 2nd period - Stopped by Andrei Vasilevskiy with a rebound.
4:58 of 2nd period - Snap shot by Evgeny Kuznetsov.
4:58 of 2nd period - Stopped by Jake Allen with a rebound.
5:38 of 2nd period - Ryan Shannon is hit by Dale Weise and loses puck.
6:19 of 2nd period - Slapshot by Tyler Brenner.
6:19 of 2nd period - Stopped by Andrei Vasilevskiy without a rebound.
6:20 of 2nd period - Tyler Brenner wins face-off versus Christian Hanson in Patriotes zone.
6:27 of 2nd period - Slapshot by Kenndal McArdle.
6:27 of 2nd period - Deflect By Jason Zucker.
6:27 of 2nd period - Shot Misses the Net.
6:27 of 2nd period - Puck is out of play.
6:28 of 2nd period - Tyler Brenner wins face-off versus Christian Hanson in Patriotes zone.
6:37 of 2nd period - Wrist shot by Tyler Brenner.
6:37 of 2nd period - Stopped by Andrei Vasilevskiy with a rebound.
7:13 of 2nd period - Backhand shot by Dalton Smith.
7:13 of 2nd period - Stopped by Andrei Vasilevskiy without a rebound.
7:14 of 2nd period - Jacob De La Rose wins face-off versus Aleksander Barkov in Patriotes zone.
7:47 of 2nd period - Snap shot by Ryan Shannon.
7:47 of 2nd period - Shot Misses the Net.
7:59 of 2nd period - Wrist shot by Jared Knight.
7:59 of 2nd period - Stopped by Jake Allen without a rebound.
8:00 of 2nd period - Riley Barber wins face-off versus Tyler Brenner in Atomiques zone.
8:46 of 2nd period - Evgeny Kuznetsov is hit by Brock McGinn and loses puck.
9:08 of 2nd period - Off-side.
9:09 of 2nd period - Jacob De La Rose wins face-off versus Aleksander Barkov in neutral zone.
9:09 of 2nd period - Bobby Farnham and Aleksander Barkov fight to a draw.
9:09 of 2nd period - Penalty to Bobby Farnham for Fighting.
9:09 of 2nd period - Penalty to Aleksander Barkov for Fighting.
9:10 of 2nd period - Christian Hanson wins face-off versus Rickard Rakell in neutral zone.
9:25 of 2nd period - Slapshot by Rasmus Ristolainen.
9:25 of 2nd period - Stopped by Andrei Vasilevskiy without a rebound.
9:26 of 2nd period - Tyler Brenner wins face-off versus Evgeny Kuznetsov in Patriotes zone.
9:27 of 2nd period - Slapshot by Rasmus Ristolainen.
9:27 of 2nd period - Stopped by Andrei Vasilevskiy without a rebound.
9:28 of 2nd period - Evgeny Kuznetsov wins face-off versus Tyler Brenner in Patriotes zone.
10:03 of 2nd period - Snap shot by Tyler Brenner.
10:03 of 2nd period - Shot Misses the Net.
10:05 of 2nd period - Snap shot by Rasmus Ristolainen.
10:05 of 2nd period - Stopped by Andrei Vasilevskiy with a rebound.
10:07 of 2nd period - Wrist shot by Tyler Brenner.
10:07 of 2nd period - Stopped by Andrei Vasilevskiy without a rebound.
10:08 of 2nd period - Christian Hanson wins face-off versus Rickard Rakell in Patriotes zone.
10:17 of 2nd period - Wrist shot by Jason Zucker.
10:17 of 2nd period - Shot Misses the Net.
10:21 of 2nd period - Snap shot by Jason Zucker.
10:21 of 2nd period - Shot Blocked by Dwight King.
10:33 of 2nd period - Anthony Nigro is hit by Borna Rendulic and loses puck.
11:17 of 2nd period - Snap shot by Dwight King.
11:17 of 2nd period - Stopped by Andrei Vasilevskiy with a rebound.
11:42 of 2nd period - Wrist shot by Rasmus Ristolainen.
11:42 of 2nd period - Shot Blocked by Aaron Ness.
11:56 of 2nd period - Snap shot by Matt Calvert.
11:56 of 2nd period - Deflect By Borna Rendulic.
11:56 of 2nd period - Shot Misses the Net.
11:56 of 2nd period - Puck is out of play.
11:57 of 2nd period - Anthony Nigro wins face-off versus Evgeny Kuznetsov in Atomiques zone.
12:07 of 2nd period - Backhand shot by Brock McGinn.
12:07 of 2nd period - Stopped by Andrei Vasilevskiy with a rebound.
12:09 of 2nd period - Slapshot by Colby Cohen.
12:09 of 2nd period - Deflect By Corey Tropp.
12:09 of 2nd period - Stopped by Andrei Vasilevskiy with a rebound.
12:11 of 2nd period - Snap shot by Brock McGinn.
12:11 of 2nd period - Shot Misses the Net.
12:13 of 2nd period - Slapshot by Colby Cohen.
12:13 of 2nd period - Stopped by Andrei Vasilevskiy with a rebound.
12:39 of 2nd period - Wrist shot by Evgeny Kuznetsov.
12:39 of 2nd period - Stopped by Jake Allen without a rebound.
12:40 of 2nd period - Christian Hanson wins face-off versus Rickard Rakell in Atomiques zone.
13:20 of 2nd period - Minor Penalty to Matt Tennyson for Holding Stick.
13:21 of 2nd period - Dwight King wins face-off versus Christian Hanson in Atomiques zone.
13:30 of 2nd period - Snap shot by Anthony Bitetto.
13:30 of 2nd period - Goal by Anthony Bitetto - Patriotes : 4 - Atomiques : 0.
13:30 of 2nd period - Jeff Frazee enters game.
13:31 of 2nd period - Christian Hanson wins face-off versus Rickard Rakell in neutral zone.
14:08 of 2nd period - Slapshot by Matt Calvert.
14:08 of 2nd period - Shot Blocked by Tyler Brenner.
15:08 of 2nd period - Slapshot by Dwight King.
15:08 of 2nd period - Shot Misses the Net.
15:10 of 2nd period - Slapshot by Wiley Sherman.
15:10 of 2nd period - Shot Misses the Net.
15:22 of 2nd period - John Draeger is hit by Borna Rendulic and loses puck.
15:39 of 2nd period - Matt Calvert is hit by Dalton Smith and loses puck.
15:48 of 2nd period - Snap shot by Matt Calvert.
15:48 of 2nd period - Stopped by Jeff Frazee without a rebound.
15:49 of 2nd period - Christian Hanson wins face-off versus Rickard Rakell in Atomiques zone.
15:50 of 2nd period - Snap shot by Jason Zucker.
15:50 of 2nd period - Goal by Jason Zucker - Patriotes : 5 - Atomiques : 0.
15:51 of 2nd period - Rickard Rakell wins face-off versus Christian Hanson in neutral zone.
15:54 of 2nd period - Slapshot by Rasmus Ristolainen.
15:54 of 2nd period - Goal by Rasmus Ristolainen - Patriotes : 5 - Atomiques : 1.
15:55 of 2nd period - Christian Hanson wins face-off versus Rickard Rakell in neutral zone.
15:58 of 2nd period - Dwight King is hit by Christian Hanson and loses puck.
16:22 of 2nd period - Off-side.
16:23 of 2nd period - Tyler Brenner wins face-off versus Evgeny Kuznetsov in neutral zone.
16:28 of 2nd period - Snap shot by Wiley Sherman.
16:28 of 2nd period - Shot Blocked by Aaron Ness.
16:30 of 2nd period - Slapshot by Wiley Sherman.
16:30 of 2nd period - Deflect By Kenndal McArdle.
16:30 of 2nd period - Shot Blocked by Matt Calvert.
16:30 of 2nd period - Puck is out of play.
16:31 of 2nd period - Rickard Rakell wins face-off versus Christian Hanson in Patriotes zone.
17:22 of 2nd period - Backhand shot by Vince Hinostroza.
17:22 of 2nd period - Shot Misses the Net.
17:24 of 2nd period - Backhand shot by Jared Knight.
17:24 of 2nd period - Stopped by Jeff Frazee with a rebound.
17:26 of 2nd period - Slapshot by Jared Knight.
17:26 of 2nd period - Shot Blocked by Matt Tennyson.
17:28 of 2nd period - Slapshot by Aaron Ness.
17:28 of 2nd period - Shot Blocked by Corey Tropp.
17:30 of 2nd period - Snap shot by Vince Hinostroza.
17:30 of 2nd period - Shot Blocked by Matt Tennyson.
17:39 of 2nd period - Off-side.
17:40 of 2nd period - Jacob De La Rose wins face-off versus Christian Hanson in neutral zone.
18:07 of 2nd period - Snap shot by Justin Florek.
18:07 of 2nd period - Stopped by Jeff Frazee with a rebound.
18:09 of 2nd period - Slapshot by Anthony Bitetto.
18:09 of 2nd period - Stopped by Jeff Frazee without a rebound.
18:10 of 2nd period - Aleksander Barkov wins face-off versus Rickard Rakell in Atomiques zone.
19:00 of 2nd period - Wrist shot by Justin Florek.
19:00 of 2nd period - Stopped by Jeff Frazee with a rebound.
19:02 of 2nd period - Wrist shot by Justin Florek.
19:02 of 2nd period - Goal by Justin Florek - Patriotes : 6 - Atomiques : 1.
19:03 of 2nd period - Ryan Shannon wins face-off versus Tyler Randell in neutral zone.
19:13 of 2nd period - Snap shot by Tyler Randell.
19:13 of 2nd period - Shot Blocked by Wiley Sherman.
19:36 of 2nd period - Slapshot by Jack Skille.
19:36 of 2nd period - Stopped by Andrei Vasilevskiy with a rebound.
19:38 of 2nd period - Slapshot by Colby Cohen.
19:38 of 2nd period - Stopped by Andrei Vasilevskiy with a rebound.
19:51 of 2nd period - Off-side.
19:52 of 2nd period - Jared Knight wins face-off versus Anthony Nigro in neutral zone.
Goals for this period are 3 for Patriotes vs 1 for Atomiques.
Shots for this period are 11 for Patriotes vs 15 for Atomiques.
3rd period
0:01 of 3rd period - Rickard Rakell wins face-off versus Christian Hanson in neutral zone.
0:04 of 3rd period - Snap shot by Rickard Rakell.
0:04 of 3rd period - Shot Misses the Net.
0:06 of 3rd period - Slapshot by Matt Tennyson.
0:06 of 3rd period - Shot Misses the Net.
0:08 of 3rd period - Slapshot by Dwight King.
0:08 of 3rd period - Shot Misses the Net.
0:14 of 3rd period - Wrist shot by Ryan Shannon.
0:14 of 3rd period - Stopped by Andrei Vasilevskiy with a rebound.
0:16 of 3rd period - Slapshot by Matt Tennyson.
0:16 of 3rd period - Shot Misses the Net.
1:33 of 3rd period - Snap shot by Tyler Randell.
1:33 of 3rd period - Goal by Tyler Randell - Patriotes : 7 - Atomiques : 1.
1:34 of 3rd period - Christian Hanson wins face-off versus Rickard Rakell in neutral zone.
2:00 of 3rd period - Evgeny Kuznetsov is hit by Rasmus Ristolainen and loses puck.
2:22 of 3rd period - Anthony Bitetto is hit by Colby Cohen and loses puck.
2:50 of 3rd period - Snap shot by Aaron Ness.
2:50 of 3rd period - Shot Blocked by Wiley Sherman.
3:32 of 3rd period - Minor Penalty to Borna Rendulic for High sticking.
3:33 of 3rd period - Jason Zucker wins face-off versus Rickard Rakell in Patriotes zone.
3:43 of 3rd period - Slapshot by Dwight King.
3:43 of 3rd period - Stopped by Andrei Vasilevskiy with a rebound.
3:45 of 3rd period - Wrist shot by Rickard Rakell.
3:45 of 3rd period - Stopped by Andrei Vasilevskiy with a rebound.
3:47 of 3rd period - Slapshot by Rasmus Ristolainen.
3:47 of 3rd period - Shot Misses the Net.
3:49 of 3rd period - Slapshot by Ryan Shannon.
3:49 of 3rd period - Shot Misses the Net.
3:59 of 3rd period - Tyler Randell is hit by Rasmus Ristolainen.
4:07 of 3rd period - Snap shot by Tyler Randell.
4:07 of 3rd period - Goal by Tyler Randell - Patriotes : 8 - Atomiques : 1.
4:07 of 3rd period - Jake Allen enters game.
4:08 of 3rd period - Rickard Rakell wins face-off versus Jason Zucker in neutral zone.
4:11 of 3rd period - Anthony Bitetto is hit by Rickard Rakell and loses puck.
4:20 of 3rd period - Slapshot by Rasmus Ristolainen.
4:20 of 3rd period - Stopped by Andrei Vasilevskiy with a rebound.
5:32 of 3rd period - Penalty to Borna Rendulic is over, Borna Rendulic is back on ice.
5:48 of 3rd period - Wrist shot by Aleksander Barkov.
5:48 of 3rd period - Stopped by Jake Allen with a rebound.
5:50 of 3rd period - Snap shot by Dale Weise.
5:50 of 3rd period - Shot Misses the Net.
5:52 of 3rd period - Backhand shot by Aleksander Barkov.
5:52 of 3rd period - Stopped by Jake Allen with a rebound.
7:19 of 3rd period - Minor Penalty to Jacob De La Rose for Hooking.
7:20 of 3rd period - Dwight King wins face-off versus Christian Hanson in Atomiques zone.
7:45 of 3rd period - Dwight King is hit by Timothy Kunes and loses puck.
7:58 of 3rd period - Jack Skille is hit by Borna Rendulic and loses puck.
9:19 of 3rd period - Penalty to Jacob De La Rose is over, Jacob De La Rose is back on ice.
10:04 of 3rd period - Wrist shot by Tyler Brenner.
10:04 of 3rd period - Shot Misses the Net.
10:06 of 3rd period - Slapshot by Eric Gustafsson.
10:06 of 3rd period - Stopped by Andrei Vasilevskiy without a rebound.
10:07 of 3rd period - Tyler Brenner wins face-off versus Jared Knight in Patriotes zone.
10:41 of 3rd period - Snap shot by Jason Zucker.
10:41 of 3rd period - Stopped by Jake Allen with a rebound.
11:13 of 3rd period - Icing by Shane Sims.
11:14 of 3rd period - Jacob De La Rose wins face-off versus Matt Calvert in Patriotes zone.
11:21 of 3rd period - Snap shot by Bobby Farnham.
11:21 of 3rd period - Shot Blocked by Matt Calvert.
11:23 of 3rd period - Snap shot by Dalton Smith.
11:23 of 3rd period - Stopped by Andrei Vasilevskiy with a rebound.
11:25 of 3rd period - Slapshot by Wiley Sherman.
11:25 of 3rd period - Shot Misses the Net.
11:27 of 3rd period - Wrist shot by Dalton Smith.
11:27 of 3rd period - Stopped by Andrei Vasilevskiy with a rebound.
11:29 of 3rd period - Wrist shot by Bobby Farnham.
11:29 of 3rd period - Stopped by Andrei Vasilevskiy without a rebound.
11:30 of 3rd period - Christian Hanson wins face-off versus Rickard Rakell in Patriotes zone.
11:30 of 3rd period - Christian Hanson is hit by Rasmus Ristolainen.
11:31 of 3rd period - Tyler Randell beats up Rickard Rakell.
11:31 of 3rd period - Penalty to Rickard Rakell for Fighting.
11:31 of 3rd period - Penalty to Tyler Randell for Fighting.
11:32 of 3rd period - Christian Hanson wins face-off versus Mitch Callahan in Patriotes zone.
11:54 of 3rd period - Icing by Ryan Shannon.
11:55 of 3rd period - Mitch Callahan wins face-off versus Evgeny Kuznetsov in Atomiques zone.
11:55 of 3rd period - Mitch Callahan is hit by Evgeny Kuznetsov.
12:34 of 3rd period - Wrist shot by Christian Hanson.
12:34 of 3rd period - Shot Misses the Net.
13:18 of 3rd period - Snap shot by Kenndal McArdle.
13:18 of 3rd period - Shot Misses the Net.
13:42 of 3rd period - Wrist shot by Bobby Farnham.
13:42 of 3rd period - Goal by Bobby Farnham - Patriotes : 8 - Atomiques : 2.
13:43 of 3rd period - Christian Hanson wins face-off versus Mitch Callahan in neutral zone.
13:48 of 3rd period - Snap shot by Jason Zucker.
13:48 of 3rd period - Stopped by Jake Allen without a rebound.
13:49 of 3rd period - Christian Hanson wins face-off versus Mitch Callahan in Atomiques zone.
13:56 of 3rd period - Wrist shot by Jason Zucker.
13:56 of 3rd period - Stopped by Jake Allen with a rebound.
13:58 of 3rd period - Slapshot by Timothy Kunes.
13:58 of 3rd period - Deflect By Rasmus Ristolainen.
13:58 of 3rd period - Stopped by Jake Allen without a rebound.
13:59 of 3rd period - Christian Hanson wins face-off versus Mitch Callahan in Atomiques zone.
14:12 of 3rd period - Snap shot by Jason Zucker.
14:12 of 3rd period - Stopped by Jake Allen with a rebound.
14:14 of 3rd period - Slapshot by Anthony Bitetto.
14:14 of 3rd period - Deflect By Christian Hanson.
14:14 of 3rd period - Stopped by Jake Allen with a rebound.
15:05 of 3rd period - Wrist shot by Jason Zucker.
15:05 of 3rd period - Deflect By Christian Hanson.
15:05 of 3rd period - Shot Misses the Net.
15:05 of 3rd period - Puck is out of play.
15:06 of 3rd period - Jacob De La Rose wins face-off versus Christian Hanson in Atomiques zone.
15:25 of 3rd period - John Draeger is hit by Christian Hanson and loses puck.
15:36 of 3rd period - Slapshot by Jason Zucker.
15:36 of 3rd period - Shot Misses the Net.
15:52 of 3rd period - Snap shot by Dalton Smith.
15:52 of 3rd period - Shot Blocked by Shea Theodore.
15:54 of 3rd period - Slapshot by Eric Gustafsson.
15:54 of 3rd period - Stopped by Andrei Vasilevskiy with a rebound.
15:58 of 3rd period - Wrist shot by Bobby Farnham.
15:58 of 3rd period - Deflect By Christian Hanson.
15:58 of 3rd period - Shot Hit the Post.
15:58 of 3rd period - Puck is out of play.
15:59 of 3rd period - Mitch Callahan wins face-off versus Evgeny Kuznetsov in Patriotes zone.
16:33 of 3rd period - Wrist shot by Jared Knight.
16:33 of 3rd period - Shot Misses the Net.
16:35 of 3rd period - Snap shot by Anthony Bitetto.
16:35 of 3rd period - Goal by Anthony Bitetto - Patriotes : 9 - Atomiques : 2.
16:36 of 3rd period - Tyler Brenner wins face-off versus Christian Hanson in neutral zone.
16:43 of 3rd period - Slapshot by Rasmus Ristolainen.
16:43 of 3rd period - Shot Misses the Net.
17:23 of 3rd period - Snap shot by Corey Tropp.
17:23 of 3rd period - Stopped by Andrei Vasilevskiy without a rebound.
17:24 of 3rd period - Dale Weise wins face-off versus Anthony Nigro in Patriotes zone.
18:38 of 3rd period - Wrist shot by Anthony Nigro.
18:38 of 3rd period - Shot Blocked by Dale Weise.
18:40 of 3rd period - Wrist shot by Corey Tropp.
18:40 of 3rd period - Shot Blocked by Shane Sims.
18:42 of 3rd period - Slapshot by Wiley Sherman.
18:42 of 3rd period - Shot Misses the Net.
18:44 of 3rd period - Wrist shot by Corey Tropp.
18:44 of 3rd period - Stopped by Andrei Vasilevskiy without a rebound.
18:45 of 3rd period - Christian Hanson wins face-off versus Rickard Rakell in Patriotes zone.
18:54 of 3rd period - Slapshot by Dwight King.
18:54 of 3rd period - Stopped by Andrei Vasilevskiy with a rebound.
18:56 of 3rd period - Snap shot by Rickard Rakell.
18:56 of 3rd period - Stopped by Andrei Vasilevskiy with a rebound.
18:58 of 3rd period - Backhand shot by Matt Tennyson.
18:58 of 3rd period - Shot Blocked by Timothy Kunes.
19:00 of 3rd period - Slapshot by Rasmus Ristolainen.
19:00 of 3rd period - Stopped by Andrei Vasilevskiy without a rebound.
19:01 of 3rd period - Evgeny Kuznetsov wins face-off versus Kenndal McArdle in Patriotes zone.
19:59 of 3rd period - Slapshot by Riley Barber.
19:59 of 3rd period - Stopped by Jake Allen with a rebound.
Goals for this period are 3 for Patriotes vs 1 for Atomiques.
Shots for this period are 12 for Patriotes vs 15 for Atomiques.
Back to the Top